 Dungeon Crawl Stone Soup version 0.19.1-1-g22dce08 (webtiles) character file.

5775 Jerry the Nimble (level 10, 0/73 HPs)
             Began as a Demigod Gladiator on Jan 1, 2017.
             Killed by vampiric draining
             ... invoked by a vampire
              (8 damage)
             ... on level 8 of the Dungeon.
             The game lasted 00:29:21 (8776 turns).

Jerry the Nimble (Demigod Gladiator)                Turns: 8776, Time: 00:29:22

Health: 0/73       AC: 13    Str: 18    XL:     10   Next: 25%
Magic:  13/13      EV: 20    Int: 12    God:
Gold:   605        SH:  0    Dex: 22    Spells: 0 memorised, 9 levels left

rFire  . . .     SeeInvis .     a - +1 long sword
rCold  . . .     Gourm    .     K - +0 swamp dragon scales
rNeg   . . .     Faith    .     (no shield)
rPois  +         Spirit   .     c - +0 helmet
rElec  .         Reflect  .     q - +0 cloak
rCorr  .         Harm     .     G - +0 pair of gloves
MR     +....                    (no boots)
Stlth  +.........               n - amulet of regeneration
                                B - +2 ring of evasion
                                M - ring of wizardry

@: no status effects
A: high mp 1
a: no special abilities


You were on level 8 of the Dungeon.
You were very hungry.

You visited 1 branch of the dungeon, and saw 10 of its levels.
You also visited: Sewer.

You collected 605 gold pieces.

Inventory:

Hand Weapons
 a - a +1 long sword (weapon)
 z - a +2 dagger of electrocution
Armour
 c - a +0 helmet (worn)
 q - a +0 cloak (worn)
 G - a +0 pair of gloves (worn)
 J - a +0 chain mail
 K - +0 swamp dragon scales (worn)
Jewellery
 n - an amulet of regeneration (around neck)
 o - an uncursed ring of ice
 B - a +2 ring of evasion (right hand)
 M - a ring of wizardry (left hand)
Wands
 b - a wand of lightning (3/15)
 l - a wand of iceblast (3/15)
 v - a wand of confusion (26/48)
Scrolls
 i - 5 scrolls of fog
 r - 2 scrolls of recharging
 u - 3 scrolls of teleportation
 y - 7 scrolls of remove curse
 F - 2 scrolls of blinking
Potions
 d - a potion of invisibility {unknown}
 e - 5 potions of curing
 g - 2 potions of mutation
 j - a potion of ambrosia
 k - 3 potions of magic
 p - a potion of might {unknown}
 t - a potion of haste {unknown}
 A - 5 potions of lignification {unknown}
 D - 3 potions of flight
 N - a potion of agility {unknown}
Comestibles
 f - 13 bread rations
 h - 7 meat rations
 C - a slice of pizza
 L - 6 beef jerkies


   Skills:
 - Level 2.1 Fighting
 + Level 8.9 Long Blades
 - Level 1.7 Throwing
 + Level 8.0 Armour
 + Level 9.0 Dodging


You had 9 spell levels left.
You didn't know any spells.

Dungeon Overview and Level Annotations

Branches:
Dungeon (10/15)            Temple (0/1) D:6            Lair (0/6) D:9
    Orc: D:9-12

Shops:
D:7 %   D:8 *

Annotations:
D:10 ImaNewbie's ghost, journeyman FoFi


Innate Abilities, Weirdness & Mutations

You have an increased reservoir of magic. (+10% MP)


Message History

You hit the vampire but do no damage.
The vampire is heavily damaged.
The vampire closely misses you.
You closely miss the vampire.
The vampire is heavily damaged.
The vampire barely misses you. x2
You hit the vampire.
The vampire is severely damaged.
The vampire hits you!
* * * LOW HITPOINT WARNING * * *
The vampire completely misses you.
You hit the vampire but do no damage.
The vampire is severely damaged.
The vampire closely misses you.
You riposte.
You hit the vampire.
The vampire is almost destroyed.
The vampire closely misses you.
You closely miss the vampire.
The vampire is almost destroyed.
The vampire is infused with unholy energy.
You die...

.# #.....#......# .#
##....#......# .#
##....#......# .#
#.....#......# .#
#.....#......# .#
#.....#......# .#
#.....#......# .#
#.....#......# .#
#.....#...@..# .#
#..<..#...V..# .##
#.....#......# ..##
#.....#>.....# ...##
#.....#......# ....#
#§§§§§#......# ≈...#
#§§§§§#......#
....###.§§§§#......#
∩.§..##.§§§§#......#


You could see a vampire.

Vanquished Creatures
  The ghost of Jerry the Slasher, a novice VSGl of Dithmenos (D:5)
  A gargoyle (D:8)
  The ghost of Jerry the Ducker, a novice HaGl (D:4)
  A hippogriff (D:9)
  3 yaks (D:9)
  Eustachio (D:5)
  A hungry ghost (D:7)
  4 sky beasts
  A necrophage (D:10)
  An orc warrior (D:9)
  A black bear (D:10)
  5 ogres
  2 centaurs
  2 big kobolds
  7 bullfrogs
  A water moccasin zombie (D:5)
  A scorpion (D:4)
  11 killer bees
  3 howler monkeys
  3 jellies
  4 crimson imps
  A bullfrog zombie (D:9)
  A quasit (D:9)
  2 orc priests (D:9)
  A bullfrog skeleton (D:9)
  7 hounds
  5 orc wizards
  Jessica (D:3)
  3 iguanas
  Natasha (thrice) (D:3)
  9 worker ants
  A hound skeleton (D:4)
  16 adders
  A river rat (D:4)
  10 oozes
  2 adder skeletons (D:4)
  2 dart slugs
  21 leopard geckos
  17 orcs
  15 giant cockroaches
  3 goblins
  7 hobgoblins
  21 jackals
  16 kobolds
  4 quokkas
  7 ball pythons
  4 bats
  21 frilled lizards
  A jackal skeleton (D:5)
  A leopard gecko skeleton (D:8)
  A quokka zombie (D:8)
  5 rats
264 creatures vanquished.

Notes
Turn   | Place    | Note
-------+----------+-------------------------------------------
     0 | D:1      | Jerry the Demigod Gladiator began the quest for the Orb.
     0 | D:1      | Reached XP level 1. HP: 17/17 MP: 3/3
   217 | D:1      | Reached skill level 3 in Dodging
   217 | D:1      | Reached XP level 2. HP: 19/24 MP: 4/4
   678 | D:1      | Reached skill level 1 in Armour
  1151 | D:2      | Reached XP level 3. HP: 29/29 MP: 5/5
  1347 | D:2      | Found a hazy altar of Hepliaklqana.
  1468 | D:2      | Found a shadowy altar of Dithmenos.
  1468 | D:2      | Found a shimmering altar of Xom.
  1475 | D:2      | Reached XP level 4. HP: 35/36 MP: 6/6
  1841 | D:3      | Found a snail-covered altar of Cheibriados.
  2012 | D:3      | Found a shadowy altar of Dithmenos.
  2101 | D:3      | Noticed Jessica
  2111 | D:3      | Killed Jessica
  2144 | D:3      | Noticed Natasha
  2152 | D:3      | Killed Natasha
  2152 | D:3      | Reached XP level 5. HP: 25/41 MP: 7/7
  2276 | D:3      | Noticed Natasha
  2280 | D:3      | Killed Natasha
  2383 | D:3      | Noticed Natasha
  2391 | D:3      | Killed Natasha
  2450 | D:4      | Noticed Jerry's ghost (novice HaGl)
  2464 | D:4      | Noticed a centaur
  2473 | D:3      | Reached skill level 4 in Dodging
  2652 | D:4      | Reached XP level 6. HP: 16/48 MP: 8/8
  2810 | D:4      | Found a glowing drain.
  2814 | Sewer    | Entered a sewer
  3236 | Sewer    | Reached skill level 5 in Dodging
  3236 | Sewer    | Reached XP level 7. HP: 48/55 MP: 9/9
  3363 | D:4      | Reached skill level 5 in Long Blades
  3768 | D:4      | Killed Jerry's ghost
  4015 | D:4      | Reached XP level 8. HP: 60/61 MP: 10/10
  4054 | D:5      | Entered Level 5 of the Dungeon
  4077 | D:4      | Reached skill level 6 in Dodging
  4174 | D:5      | Reached skill level 5 in Armour
  4276 | D:5      | Noticed Eustachio
  4569 | D:5      | Noticed Jerry's ghost (novice VSGl)
  4596 | D:5      | Killed Jerry's ghost
  4748 | D:5      | Killed Eustachio
  5078 | D:6      | Reached skill level 7 in Dodging
  5105 | D:6      | Found a staircase to the Ecumenical Temple.
  5301 | D:6      | Found a basalt altar of Yredelemnul.
  5301 | D:6      | Found a blossoming altar of Fedhas.
  5545 | D:7      | Found Ystrugar's Food Shop.
  5634 | D:7      | Reached XP level 9. HP: 67/67 MP: 11/11
  6382 | D:8      | Found Ykhletwann's Elemental Accessories.
  6695 | D:8      | Noticed a gargoyle
  6724 | D:8      | HP: 2/67 [gargoyle/stone arrow (16)]
  6725 | D:8      | Killed a gargoyle
  6725 | D:8      | Reached skill level 8 in Dodging
  7568 | D:9      | Reached XP level 10. HP: 54/73 MP: 13/13
  7802 | D:9      | Found a staircase to the Lair.
  8151 | D:10     | Entered Level 10 of the Dungeon
  8426 | D:10     | Reached skill level 9 in Dodging
  8470 | D:10     | Noticed ImaNewbie's ghost (journeyman FoFi)
  8776 | D:8      | Killed from afar by a vampire

Skill      XL: |  1  2  3  4  5  6  7  8  9 10 |
---------------+-------------------------------+-----
Fighting       | 2 |  2.1
Dodging        | 3 4 5 7 8 9 |  9.0
Armour         | 1 2 3 4 6 7 8 |  8.0
Long Blades    | 3 4 5 7 8 |  8.9
Throwing       | |  1.7

Action                   |  1- 3 |  4- 6 |  7- 9 | 10-12 || total
-------------------------+-------+-------+-------+-------++-------
Melee: Long sword        |   104 |   310 |   705 |   236 ||  1355
Throw: Throwing net      |       |       |     6 |       ||     6
Evoke: Wand              |       |       |     4 |     2 ||     6
  Use: Scroll            |     2 |       |    14 |     3 ||    19
 Stab: Held in net/web   |       |       |     7 |       ||     7
  Eat: Chunk             |     2 |     7 |    14 |     3 ||    26
       Fruit             |       |       |     3 |       ||     3
       Meat ration       |       |       |     1 |       ||     1
       Beef jerky        |       |       |     1 |       ||     1
Armor: Leather armour    |     9 |       |       |       ||     9
       Scale mail        |    39 |   140 |    89 |       ||   268
       Chain mail        |       |       |   202 |       ||   202
       Swamp dragon scal |       |       |    25 |    67 ||    92
Dodge: Dodged            |   101 |   263 |   579 |   228 ||  1171
       Rpst.: Long sword |    29 |    71 |   170 |    59 ||   329
